 Dungeon Crawl Stone Soup version 0.24-a0-462-ge24419a6ad (webtiles) character file.

Game seed: 4805254914087603468

7696 mhoghedin the Tainter (level 11, -2/70 HPs)
             Began as an Octopode Venom Mage on July 1, 2019.
             Was a Priest of Vehumet.
             Slain by a phantom (6 damage)
             ... on level 11 of the Dungeon.
             The game lasted 00:26:45 (13102 turns).

mhoghedin the Tainter (Octopode Venom Mage)        Turns: 13102, Time: 00:26:45

Health: -2/70      AC:  1    Str: 11    XL:     11   Next: 19%
Magic:  28/28      EV: 15    Int: 24    God:    Vehumet [***...]
Gold:   557        SH:  0    Dex: 12    Spells: 10/24 levels left

rFire    . . .     SeeInvis .   b - +3 dagger (venom)
rCold    + + .     Gourm    .   (no shield)
rNeg     . . .     Faith    .   (helmet restricted)
rPois    .         Spirit   .   (no amulet)
rElec    .         Reflect  .   q - ring of magical power {MP+9}
rCorr    +         Harm     .   i - +4 ring of intelligence
MR       .....                  v - ring of protection from fire {rF+, !d}
Stlth    ++++++++..             n - ring of protection from cold {rC+, !d}
HPRegen  0.21/turn              x - ring of resist corrosion
MPRegen  0.21/turn              g - ring of ice {rC+, rF-}
                                E - +2 ring of strength
                                B - ring of Shadows {Umbra +Inv Stlth+}

@: very slightly contaminated, wreathed by umbra, invisible
A: almost no armour, stealthy swim, amphibious, 8 rings, constrict 8, camouflage
1, low mp 1, mutation resistance 1, gelatinous body 1
a: Renounce Religion


You were on level 11 of the Dungeon.
You worshipped Vehumet.
Vehumet was most pleased with you.
You were very hungry.

You visited 1 branch of the dungeon, and saw 11 of its levels.

You collected 557 gold pieces.

Inventory:

Hand Weapons
 b - a +3 dagger of venom (weapon)
   (You found it on level 1 of the Dungeon)
 C - a +1 scimitar of flaming
   (You took it off Erica on level 9 of the Dungeon)
 F - the cursed +0 flail of Unreason {pain, +Rage rElec rN+ Str+4}
   (You found it on level 9 of the Dungeon)

   In the hands of one skilled in necromantic magic, it inflicts extra damage on
   living creatures.
   It affects your strength (+4).
   It insulates you from electricity.
   It protects you from negative energy.
   It lets you go berserk.
   It has a curse placed upon it.
Missiles
 H - a throwing net {=f, !d}
Magical Staves
 a - an uncursed staff of energy {@w1+MP, hungerless spells, !d!a}
   (You acquired it on level 9 of the Dungeon)
 l - an uncursed staff of power {MP+17, !a}
   (You found it on level 5 of the Dungeon)
Jewellery
 g - a ring of ice (on tentacle) {rC+, rF-}
   (You found it on level 7 of the Dungeon)
 i - a +4 ring of intelligence (right tentacle)
   (You found it on level 3 of the Dungeon)
 n - a ring of protection from cold (on tentacle) {rC+, !d}
   (You found it on level 7 of the Dungeon)
 q - a ring of magical power (left tentacle) {MP+9}
   (You found it on level 4 of the Dungeon)
 v - a ring of protection from fire (on tentacle) {rF+, !d}
   (You found it on level 5 of the Dungeon)
 x - a ring of resist corrosion (on tentacle)
   (You found it on level 7 of the Dungeon)
 B - the ring of Shadows (on tentacle) {Umbra +Inv Stlth+}
   (You found it on level 10 of the Dungeon)

   [ring of stealth]

   It lets you turn invisible.
   It makes you more stealthy.
 E - a +2 ring of strength (on tentacle)
   (You found it on level 9 of the Dungeon)
Wands
 e - a wand of acid (27)
   (You found it on level 7 of the Dungeon)
 o - a wand of enslavement (3)
   (You found it on level 3 of the Dungeon)
 p - a wand of iceblast (3)
   (You found it on level 4 of the Dungeon)
 s - a wand of polymorph (13)
   (You took it off a gnoll on level 5 of the Dungeon)
 t - a wand of flame (9)
   (You found it on level 10 of the Dungeon)
Scrolls
 f - 9 scrolls of teleportation
 m - 4 scrolls of enchant weapon
 r - 2 scrolls of remove curse
 y - 3 scrolls of magic mapping {!r}
 D - 3 scrolls of enchant armour
Potions
 c - a potion of mutation {!q}
 d - a potion of magic {unknown}
 h - 2 potions of brilliance
 j - a potion of invisibility
 k - a potion of curing
 w - 2 potions of agility {unknown}
 z - 2 potions of flight {unknown}
 A - a potion of cancellation {unknown}
 G - a potion of might {unknown}
Comestibles
 u - 17 rations


   Skills:
 - Level 4.7 Fighting
 - Level 4.7 Short Blades
 - Level 4.2 Dodging
 + Level 8.4 Stealth
 - Level 7.2 Spellcasting
 - Level 7.6 Conjurations
 - Level 11.0 Poison Magic
 + Level 1.5 Evocations


You had 10 spell levels left.
You knew the following spells:

 Your Spells              Type           Power        Failure   Level  Hunger
a - Olgreb's Toxic Radia  Pois           ######..     1%          4    ###....
b - Poisonous Vapours     Pois/Air       #####.       1%          2    None
c - Venom Bolt            Conj/Pois      ######....   1%          5    #####..
x - Mephitic Cloud        Conj/Pois/Air  #####...     1%          3    None

Your spell library contained the following spells:

 Spells                   Type           Power        Failure   Level  Hunger
 Dazzling Spray           Conj/Hex       ####..       1%          3    None
 Sting                    Conj/Pois      ####         1%          1    None
 Confusing Touch          Hex            #.....       7%          1    None
 Corona                   Hex            #......      7%          1    None
 Ensorcelled Hibernation  Hex/Ice        ##....       11%         2    None
 Confuse                  Hex            #.......     22%         3    None
 Gell's Gravitas          Tloc           #.........   22%         3    None
 Tukima's Dance           Hex            #.......     22%         3    None
 Yara's Violent Unravell  Hex/Tmut       #.........   43%         5    #####..
 Petrify                  Tmut/Erth      #.......     56%         4    ###....
 Metabolic Englaciation   Hex/Ice        ##........   89%         5    #####..


Dungeon Overview and Level Annotations

Branches:
Dungeon (11/15)            Temple (0/1) D:6
   Lair: D:8-11         Orc: D:9-12

Altars:
Cheibriados
Dithmenos
Hepliaklqana
Okawaru
Sif Muna
Trog
Vehumet
Wu Jian
Xom
Yredelemnul


Innate Abilities, Weirdness & Mutations

You cannot wear most types of armour.
You are very stealthy in the water. (Stealth+)
You are amphibious.
You can wear up to eight rings at the same time.
You can use your tentacles to constrict eight enemies at once.
Your skin changes colour to match your surroundings (Stealth+).
Your rubbery body absorbs attacks. (AC +1, EV +1)
Your magical capacity is low. (-10% MP)
You are somewhat resistant to further mutation.


Message History

The yak looks more healthy.
The yak gores you!
You take 12 damage, and have 37/70 hp.
Aim: a yak (lightly wounded, umbra)
The bolt of poison hits the yak!!
The yak is poisoned.
The yak gores you.
You take 6 damage, and have 31/70 hp.
You now have 21/28 mp.
Aim: a yak (almost dead, poisoned, umbra)
The bolt of poison hits the yak!!
The yak looks even sicker.
You kill the yak!
Vehumet accepts your kill.
You feel your power returning.
The bolt of poison hits the phantom.
The phantom completely resists.
You now have 17/28 mp.
Your +3 dagger of venom begins to drip with poison!
b - a +3 dagger of venom (weapon)
You are too injured to fight recklessly!
You are too injured to fight recklessly!
You are too injured to fight recklessly!
You barely miss the phantom. The phantom completely misses you.
You closely miss the phantom. The phantom closely misses you.
You hit the phantom. You closely miss the phantom.
Your squeeze misses the phantom. The phantom hits you.
You take 3 damage, and have 29/70 hp.
You miss the phantom. The phantom barely misses you.
You miss the phantom. The phantom completely misses you.
You barely miss the phantom. You barely miss the phantom.
The phantom blinks!
There is an open door here.
You close the door.
You start resting.
A phantom opens the door.
You regained 3 hp, and now have 34/70 hp.
You regained 3 mp, and now have 23/28 mp.
The phantom blinks!
You start resting.
The phantom is too close now for your liking.
The phantom blinks!
Wield which item (- for none, * to show all)? (? for menu, Esc to quit)
Your +3 dagger of venom stops dripping with poison.
Your +1 scimitar of flaming bursts into flame!
C - a +1 scimitar of flaming (weapon)
The phantom hits you!
You take 10 damage, and have 28/70 hp.
You closely miss the phantom. The phantom barely misses you.
You riposte.
You miss the phantom. You squeeze the phantom. You hit the phantom.
You burn the phantom. The phantom hits you.
You take 6 damage, and have 23/70 hp.
MP restored: 28 You miss the phantom.
The phantom blinks!
The phantom closely misses you.
You riposte.
You barely miss the phantom. Your squeeze misses the phantom.
You hit the phantom but do no damage. The phantom hits you.
* * * LOW HITPOINT WARNING * * *
The phantom blinks!
You take 2 damage, and have 21/70 hp.
You hit the phantom. You burn the phantom.
The phantom blinks!
Okay, then.
Unknown command.
The phantom blinks!
You fail to use your ability.
Your +1 scimitar of flaming stops flaming.
a - an uncursed staff of energy (weapon)
{@w1+MP, hungerless spells, !d!a} The phantom blinks!
Your +3 dagger of venom begins to drip with poison!
b - a +3 dagger of venom (weapon)
Okay, then.
Unknown command.
Unknown command.
There is an open door here.
You start resting.
The phantom is too close now for your liking.
You fail to use your ability.
You fade into invisibility!
You are very lightly contaminated with residual magic.
You are feeling very hungry.
The phantom hits you!
* * * LOW HITPOINT WARNING * * *
The phantom blinks!
You take 7 damage, and have 17/70 hp.
You now have 26/28 mp.
Your +3 dagger of venom stops dripping with poison.
a - an uncursed staff of energy (weapon)
{@w1+MP, hungerless spells, !d!a} Your +3 dagger of venom begins to drip with poison!
b - a +3 dagger of venom (weapon)
You are too injured to fight recklessly!
You are too injured to fight recklessly!
The phantom hits you!
* * * LOW HITPOINT WARNING * * *
You take 9 damage, and have 9/70 hp.
Unknown command.
You closely miss the phantom. Your squeeze misses the phantom.
Okay, then.
Unknown command.
You hit the phantom. You miss the phantom. The phantom hits you.
* * * LOW HITPOINT WARNING * * *
You take 5 damage, and have 4/70 hp.
You barely miss the phantom. The phantom hits you.
* * * LOW HITPOINT WARNING * * *
You barely miss the phantom. The phantom hits you.
You die...

..W.......## #............#
#.. ..........#
##...........## ...
..........###............##
...
###........................
)#
#.#####'#########'#######
.#
#.#.........##.......###.
.#
#.#.........#..#####..#..
.## #.#.........#. ##.##.
..## #.#.....@...# #.#.#
...# ###.'....W....+ #.'.W
..## ##...#.........# #.#.#
..# ##....#.........# #.##.
..# #.....#.........# ..#..
..###.....#.........#
..###.
..##......#####+##### ### #
#.........# #.........#


You could see a phantom.

Vanquished Creatures
  Erica (D:9)
  A two-headed ogre (D:9)
  Pikel (D:9)
  Joseph (D:9)
  Psyche (D:8)
  Prince Ribbit (D:8)
  Sigmund (D:2)
  A spriggan (D:9)
  6 yaks
  A hungry ghost (D:9)
  Menkaure (D:4)
  2 sky beasts
  3 ice beasts
  A phantom (D:8)
  3 ogres
  2 centaurs
  Blork the orc (D:4)
  A big kobold (D:8)
  3 bullfrogs
  6 scorpions
  5 killer bees (D:9)
  4 wights
  3 howler monkeys
  5 crimson imps
  A centaur zombie (D:7)
  5 hounds
  3 orc priests
  2 orc wizards
  3 bullfrog zombies
  Crazy Yiuf (D:2)
  2 jellies
  2 bullfrog skeletons
  2 centaur skeletons
  Terence (D:2)
  2 iguanas
  8 worker ants
  A hound zombie (D:5)
  A howler monkey zombie (D:11)
  2 worker ant zombies
  14 adders
  3 gnolls (D:5)
  2 shadow imps
  An ooze (D:6)
  2 adder skeletons (D:5)
  A worm (D:4)
  2 dart slugs
  3 leopard geckos
  9 orcs
  3 ball pythons
  7 bats
  4 giant cockroaches
  A hobgoblin (D:3)
  11 jackals
  5 quokkas
  11 frilled lizards
  7 goblins
  10 kobolds
  11 rats
198 creatures vanquished.

Vanquished Creatures (collateral kills)
  A wight (D:6)
1 creature vanquished.

Vanquished Creatures (others)
  3 slaves (D:9)
  2 centaurs (D:9)
  An orc priest (D:9)
  A hound zombie (D:9)
  An adder (D:9)
  An orc (D:9)
9 creatures vanquished.

Grand Total: 208 creatures vanquished

Notes
Turn   | Place    | Note
-------+----------+-------------------------------------------
     0 | D:1      | mhoghedin the Octopode Venom Mage began the quest for the
                  | Orb.
     0 | D:1      | Reached XP level 1. HP: 11/11 MP: 3/3
   391 | D:1      | HP: 2/11 [ball python (1)]
   908 | D:1      | Reached XP level 2. HP: 17/17 MP: 5/5
   922 | D:1      | Learned a level 2 spell: Poisonous Vapours
   933 | D:1      | Reached skill level 4 in Poison Magic
  1327 | D:2      | Reached skill level 3 in Stealth
  1595 | D:2      | Reached XP level 3. HP: 19/22 MP: 6/6
  1596 | D:2      | Noticed Sigmund
  1597 | D:2      | Gained mutation: Your magical capacity is low. (-10% MP)
                  | [potion of mutation]
  1597 | D:2      | Gained mutation: You are somewhat resistant to further
                  | mutation. [potion of mutation]
  1641 | D:2      | Killed Sigmund
  1641 | D:2      | Reached skill level 2 in Fighting
  1641 | D:2      | Reached skill level 2 in Short Blades
  1641 | D:2      | Reached skill level 4 in Stealth
  1641 | D:2      | Reached XP level 4. HP: 30/30 MP: 4/6
  1641 | D:2      | Reached XP level 5. HP: 35/35 MP: 4/7
  1901 | D:2      | Reached skill level 5 in Stealth
  1959 | D:2      | Found a runed translucent door.
  1960 | D:2      | Noticed Crazy Yiuf
  2120 | D:2      | Noticed Terence
  2133 | D:2      | Killed Terence
  2133 | D:2      | Reached XP level 6. HP: 22/41 MP: 8/8
  2662 | D:2      | Killed Crazy Yiuf
  2772 | D:2      | Learned a level 3 spell: Mephitic Cloud
  2777 | D:2      | Learned a level 4 spell: Olgreb's Toxic Radiance
  2813 | D:3      | Noticed a phantom
  3247 | D:3      | Found an iron altar of Okawaru.
  3435 | D:3      | Found a shadowy altar of Dithmenos.
  3601 | D:3      | Found a radiant altar of Vehumet.
  3607 | D:3      | Reached skill level 6 in Stealth
  3614 | D:3      | Became a worshipper of Vehumet
  4002 | D:4      | HP: 10/41 [poisoned by a scorpion]
  4010 | D:4      | HP: 9/41 [poisoned by a scorpion]
  4315 | D:4      | Reached skill level 5 in Poison Magic
  4398 | D:4      | Reached XP level 7. HP: 33/45 MP: 9/9
  4595 | D:4      | Noticed Blork the orc
  4601 | D:4      | Killed Blork the orc
  4601 | D:4      | Reached skill level 7 in Stealth
  4678 | D:4      | Reached skill level 6 in Poison Magic
  4748 | D:4      | Noticed Menkaure
  4752 | D:4      | HP: 2/45 [Menkaure (18)]
  5093 | D:4      | HP: 11/45 [centaur (9)]
  5098 | D:4      | Reached skill level 8 in Stealth
  5328 | D:4      | Found a shimmering altar of Xom.
  5329 | D:4      | Found a hazy altar of Hepliaklqana.
  5329 | D:4      | Noticed a tentacled monstrosity
  5330 | D:4      | Noticed a tentacled monstrosity
  5330 | D:4      | Noticed a spectral ugly thing
  5371 | D:4      | Killed Menkaure
  5371 | D:4      | Reached skill level 3 in Fighting
  5371 | D:4      | Reached skill level 3 in Short Blades
  5371 | D:4      | Reached XP level 8. HP: 28/52 MP: 10/10
  5472 | D:5      | Entered Level 5 of the Dungeon
  5690 | D:5      | Reached skill level 3 in Dodging
  5696 | D:5      | Reached * piety under Vehumet
  5696 | D:5      | Offered knowledge of Freeze by Vehumet.
  5745 | D:5      | Reached skill level 4 in Fighting
  5745 | D:5      | Reached skill level 4 in Short Blades
  6205 | D:5      | Found a basalt altar of Yredelemnul.
  6205 | D:5      | Found an ornate altar of the Wu Jian Council.
  6605 | D:5      | Reached skill level 4 in Dodging
  6700 | D:5      | Found a hazy altar of Hepliaklqana.
  7072 | D:6      | Found a bloodstained altar of Trog.
  7174 | D:6      | Found a bloodstained altar of Trog.
  7464 | D:5      | Reached skill level 2 in Conjurations
  7464 | D:5      | Reached XP level 9. HP: 58/59 MP: 11/11
  7475 | D:6      | Found a staircase to the Ecumenical Temple.
  7491 | D:6      | Offered knowledge of Sandblast by Vehumet.
  7601 | D:6      | Reached skill level 3 in Spellcasting
  7672 | D:6      | Reached ** piety under Vehumet
  7734 | D:6      | Reached skill level 7 in Poison Magic
  8229 | D:7      | Reached skill level 3 in Conjurations
  8424 | D:7      | HP: 20/88 [centaur zombie (4)]
  8429 | D:7      | HP: 17/88 [centaur zombie (4)]
  8437 | D:7      | HP: 17/88 [centaur zombie (1)]
  8950 | D:7      | Reached skill level 4 in Spellcasting
  9198 | D:7      | Found a deep blue altar of Sif Muna.
  9433 | D:8      | Reached skill level 8 in Poison Magic
  9672 | D:8      | Noticed Prince Ribbit
  9686 | D:8      | HP: 7/59 [Prince Ribbit (19)]
  9687 | D:8      | Killed Prince Ribbit
  9687 | D:8      | Offered knowledge of Throw Flame by Vehumet.
  9687 | D:8      | Reached skill level 4 in Conjurations
 10433 | D:8      | Noticed Psyche
 10439 | D:8      | Killed Psyche
 10439 | D:8      | Reached skill level 5 in Spellcasting
 10439 | D:8      | Reached skill level 5 in Conjurations
 10439 | D:8      | Reached skill level 9 in Poison Magic
 10439 | D:8      | Reached XP level 10. HP: 65/65 MP: 16/16
 10552 | D:9      | Noticed Joseph
 10577 | D:9      | Killed Joseph
 10735 | D:9      | Reached *** piety under Vehumet
 10817 | D:9      | Found a snail-covered altar of Cheibriados.
 10833 | D:9      | Noticed Pikel
 10848 | D:9      | Killed Pikel
 10848 | D:9      | Reached skill level 6 in Conjurations
 11006 | D:9      | Reached skill level 6 in Spellcasting
 11052 | D:9      | Learned a level 5 spell: Venom Bolt
 11090 | D:9      | Noticed Erica
 11108 | D:9      | Killed Erica
 11108 | D:9      | Reached skill level 10 in Poison Magic
 11350 | D:9      | Noticed a two-headed ogre
 11366 | D:9      | Killed a two-headed ogre
 11714 | D:9      | Reached skill level 7 in Conjurations
 12150 | D:9      | Identified the cursed +0 flail of Unreason {pain, +Rage
                  | rElec rN+ Str+4} (You found it on level 9 of the Dungeon)
 12154 | D:9      | Identified a scroll of acquirement
 12214 | D:10     | Entered Level 10 of the Dungeon
 12234 | D:10     | Reached XP level 11. HP: 47/70 MP: 15/19
 12235 | D:10     | Reached skill level 7 in Spellcasting
 12528 | D:10     | Found the ring of Shadows {Umbra +Inv Stlth+}
 12562 | D:10     | Reached skill level 11 in Poison Magic
 12924 | D:11     | Offered knowledge of Dazzling Spray by Vehumet.
 12968 | D:11     | Reached skill level 1 in Evocations
 13092 | D:11     | HP: 17/70 [phantom (7)]
 13100 | D:11     | HP: 4/70 [phantom (5)]
 13102 | D:11     | Slain by a phantom

Levels and vault maps discovered:
D:1:      minmay_arrival_arboretum_small, layout_basic
D:2:      layout_loops_corners, first_ration, minmay_lizard_pond,
          uniq_crazy_yiuf_cottage, uniq_sigmund, uniq_terence
D:3:      layout_basic, vehumet_crystals, kennysheep_okawaru_gauntlet,
          nicolae_overflow_crystal_walls, kennysheep_boxes
D:4:      layout_loops_ring, regret_index_temple_of_mockery, uniq_blork_the_orc,
          uniq_menkaure
D:5:      layout_rooms, gammafunk_temple_overflow_wave, basic_altar,
          minmay_misc_feat_cross, grunt_ministairs_13, corexii_shack,
          minmay_misc_feat_tiny, st_stairs_11, chequers_big_river
D:6:      layout_loops_ring, lightli_temple_of_fire,
          nicolae_overflow_hidden_temple, minmay_temple_entry_hall, bloody_trog
D:7:      layout_cave_pools, kennysheep_mini
D:8:      layout_loops_corners, uniq_psyche, uniq_prince_ribbit1
D:9:      layout_loops_ring, overflow_temple_1_default,
          hangedman_decor_peaks_small, the_bakery, uniq_pikel, uniq_erica,
          uniq_joseph
D:10:     layout_rooms, serial_corexii_hall, corexii_hall_statues_l,
          chequers_hall_statues_corner_a
D:11:     minmay_the_grid_3x2 [minmay_the_grid_all_tris,
          minmay_the_grid_spin_star, minmay_the_grid_fan, minmay_the_grid_empty,
          minmay_the_grid_diamond_grid, minmay_the_grid_prize_inner_circle],
          layout_cave_pods, dpeg_oklobed_lair, david_orc_4

Skill      XL: |  1  2  3  4  5  6  7  8  9 10 11 |
---------------+----------------------------------+-----
Poison Magic   | 4 5 6 9 10 11 | 11.0
Stealth        | 3 4 5 6 8 |  8.4
Fighting       | 2 3 4 |  4.7
Short Blades   | 2 3 4 |  4.7
Dodging        | 4 |  4.2
Conjurations   | 2 5 7 |  7.6
Spellcasting   | 5 6 7 |  7.2
Evocations     | 1 |  1.5

Action                   |  1- 3 |  4- 6 |  7- 9 | 10-12 || total
-------------------------+-------+-------+-------+-------++-------
Melee: Unarmed           |     5 |       |       |       ||     5
       Constrict         |     5 |    17 |    40 |    10 ||    72
       Dagger            |    28 |   122 |   304 |   103 ||   557
       Tentacles         |     4 |     6 |    47 |    13 ||    70
       Scimitar          |       |       |       |     5 ||     5
 Cast: Sting             |    11 |       |       |       ||    11
       Poisonous Vapours |     2 |     3 |    10 |     5 ||    20
       Olgreb's Toxic Ra |       |       |    14 |     6 ||    20
       Mephitic Cloud    |       |       |     4 |     4 ||     8
       Venom Bolt        |       |       |       |    17 ||    17
 Abil: Evoke Invisibilit |       |       |       |     1 ||     1
Evoke: Wand              |       |     4 |    18 |       ||    22
  Use: Scroll            |     4 |     4 |     4 |     6 ||    18
       Potion            |     3 |       |     2 |     2 ||     7
 Stab: Sleeping          |     3 |    13 |    21 |     5 ||    42
       Confused          |       |       |     2 |       ||     2
       Distracted        |       |       |     1 |     1 ||     2
       Invisible         |       |       |       |     2 ||     2
  Eat: Chunk             |     2 |     4 |    10 |     4 ||    20
       Ration            |       |     2 |     3 |     3 ||     8
Armor: Skin              |    19 |     4 |    20 |     1 ||    44
Dodge: Dodged            |    13 |    63 |   148 |    51 ||   275
       Rpst.: Scimitar   |       |       |       |     2 ||     2

Table legend:
 A = Non-vault XP
 B = Vault XP
 C = Vault XP percentage of total XP
 D = Non-vault monster count
 E = Vault monster count
 F = Vault count percentage of total count
                 A         B        C        D         E       F
            +---------+---------+-------+---------+---------+-------
      Total |    7156 |    3839 |  34.9 |     172 |      27 |  13.6
            +---------+---------+-------+---------+---------+-------
        D:1 |      14 |       0 |   0.0 |      10 |       0 |   0.0
        D:2 |      79 |     311 |  79.7 |      22 |      11 |  33.3
        D:3 |     131 |       4 |   3.0 |      15 |       2 |  11.8
        D:4 |     460 |     277 |  37.6 |      11 |       2 |  15.4
        D:5 |     885 |      43 |   4.6 |      28 |       4 |  12.5
        D:6 |     472 |       0 |   0.0 |      17 |       0 |   0.0
        D:7 |     804 |       0 |   0.0 |      20 |       0 |   0.0
        D:8 |     773 |     716 |  48.1 |      18 |       2 |  10.0
        D:9 |    1494 |    2276 |  60.4 |      11 |       4 |  26.7
       D:10 |    1589 |       0 |   0.0 |      16 |       0 |   0.0
       D:11 |     455 |     212 |  31.8 |       4 |       2 |  33.3
            +---------+---------+-------+---------+---------+-------

Levels and vault maps discovered:
D:1:      minmay_arrival_arboretum_small, layout_basic
D:2:      layout_loops_corners, first_ration, minmay_lizard_pond,
          uniq_crazy_yiuf_cottage, uniq_sigmund, uniq_terence
D:3:      layout_basic, vehumet_crystals, kennysheep_okawaru_gauntlet,
          nicolae_overflow_crystal_walls, kennysheep_boxes
D:4:      layout_loops_ring, regret_index_temple_of_mockery, uniq_blork_the_orc,
          uniq_menkaure
D:5:      layout_rooms, gammafunk_temple_overflow_wave, basic_altar,
          minmay_misc_feat_cross, grunt_ministairs_13, corexii_shack,
          minmay_misc_feat_tiny, st_stairs_11, chequers_big_river
D:6:      layout_loops_ring, lightli_temple_of_fire,
          nicolae_overflow_hidden_temple, minmay_temple_entry_hall, bloody_trog
D:7:      layout_cave_pools, kennysheep_mini
D:8:      layout_loops_corners, uniq_psyche, uniq_prince_ribbit1
D:9:      layout_loops_ring, overflow_temple_1_default,
          hangedman_decor_peaks_small, the_bakery, uniq_pikel, uniq_erica,
          uniq_joseph
D:10:     layout_rooms, serial_corexii_hall, corexii_hall_statues_l,
          chequers_hall_statues_corner_a
D:11:     minmay_the_grid_3x2 [minmay_the_grid_all_tris,
          minmay_the_grid_spin_star, minmay_the_grid_fan, minmay_the_grid_empty,
          minmay_the_grid_diamond_grid, minmay_the_grid_prize_inner_circle],
          layout_cave_pods, dpeg_oklobed_lair, david_orc_4

Table legend:
 A = Turns spent in this place as a percentage of turns spent in the entire game.
 B = Non-inter-level travel turns spent in this place as a percentage of non-inter-level travel turns spent in the entire game.
 C = Inter-level travel turns spent in this place as a percentage of turns spent in this place.
 D = Turns resting spent in this place as a percentage of non-inter-level travel turns spent in this place.
 E = Turns spent auto-exploring this place as a percentage of non-inter-level travel turns spent in this place.
 F = Non-inter-level travel turns spent in this place divided by the number of levels of this place that you've seen.
                   A       B       C       D       E      F
               +-------+-------+-------+-------+-------+----------------------
         Total | 100.0 | 100.0 |   4.2 |  42.1 |  41.9 | 1141.0
       Dungeon | 100.0 | 100.0 |   4.2 |  42.1 |  41.9 | 1141.0
               +-------+-------+-------+-------+-------+----------------------

Table legend:
 A = Kills in this place as a percentage of kills in entire the game.
 B = Kills by you in this place as a percentage of kills by you in the entire game.
 C = Kills by friends in this place as a percentage of kills by friends in the entire game.
 D = Other kills in this place as a percentage of other kills in the entire game.
 E = Experience gained in this place as a percentage of experience gained in the entire game.
 F = Experience gained in this place divided by the number of levels of this place that you have seen.
                   A       B       C       D       E      F
               +-------+-------+-------+-------+-------+----------------------
         Total | 100.0 | 100.0 | 100.0 |   N/A | 100.0 | 999.5
       Dungeon | 100.0 | 100.0 | 100.0 |   N/A | 100.0 | 999.5
               +-------+-------+-------+-------+-------+----------------------
